 Dungeon Crawl Stone Soup version 0.24-a0-11-g46ee55f (webtiles) character file.

Game seed: 4285237418128793510

130 robertstho the Sneak (level 5, -6/34 HPs)
             Began as an Octopode Assassin on Feb 1, 2019.
             Mangled by an iguana (15 damage)
             ... on level 4 of the Dungeon.
             The game lasted 00:03:48 (2723 turns).

robertstho the Sneak (Octopode Assassin)            Turns: 2723, Time: 00:03:49

Health: -6/34      AC:  1    Str: 11    XL:     5   Next: 14%
Magic:  5/5        EV: 13    Int: 13    God:
Gold:   174        SH:  0    Dex: 14    Spells: 4/4 levels left

rFire    . . .     SeeInvis .   a - +2 dagger
rCold    . . .     Gourm    .   (no shield)
rNeg     . . .     Faith    .   (helmet restricted)
rPois    .         Spirit   .   (no amulet)
rElec    .         Reflect  .   (no ring)
rCorr    .         Harm     .   (no ring)
MR       .....                  (no ring)
Stlth    +++++.....             (no ring)
HPRegen  0.11/turn              (no ring)
MPRegen  0.09/turn              (no ring)
                                (no ring)
                                (no ring)

@: no status effects
A: almost no armour, stealthy swim, amphibious, 8 rings, constrict 8, camouflage
1, gelatinous body 1
a: no special abilities


You were on level 4 of the Dungeon.
You were very hungry.

You visited 1 branch of the dungeon, and saw 4 of its levels.

You collected 174 gold pieces.

Inventory:

Hand Weapons
 a - a +2 dagger (weapon)
 b - a +0 blowgun
Missiles
 c - 8 poisoned needles
 d - 2 curare-tipped needles
Scrolls
 g - 2 scrolls of teleportation {unknown}
 j - 3 scrolls of remove curse {unknown}
 k - a scroll of amnesia {unknown}
 m - a scroll of noise {unknown}
 n - 4 scrolls of identify {unknown}
 o - a scroll of random uselessness {unknown}
Potions
 e - 2 potions of heal wounds {unknown}
 h - a potion of experience {unknown}
 i - a potion of mutation {unknown}
 l - 2 potions of curing
 p - a potion of brilliance {unknown}
 r - a potion of ambrosia {unknown}
Comestibles
 f - 6 rations


   Skills:
 + Level 2.2 Fighting
 * Level 2.8 Short Blades
 + Level 2.0 Throwing
 + Level 1.3 Dodging
 * Level 7.8 Stealth


You had 4 spell levels left.
You didn't know any spells.
Your spell library was empty.

Dungeon Overview and Level Annotations

Branches:
Dungeon (4/15)
 Temple: D:4-7

Altars:
Elyvilon
Fedhas


Innate Abilities, Weirdness & Mutations

You cannot wear most types of armour.
You are very stealthy in the water. (Stealth+)
You are amphibious.
You can wear up to eight rings at the same time.
You can use your tentacles to constrict eight enemies at once.
Your skin changes colour to match your surroundings (Stealth+).
Your rubbery body absorbs attacks. (AC +1, EV +1)


Message History

You hit the iguana. Your grab misses the iguana.
The iguana is lightly wounded.
The iguana misses you.
You hit the iguana but do no damage. You grab the iguana.
The iguana is lightly wounded.
You constrict the iguana. The iguana bites you!
You barely miss the iguana.
The iguana is lightly wounded.
You constrict the iguana. The iguana bites you!
You are too injured to fight recklessly!
You are too injured to fight recklessly!
You are too injured to fight recklessly!
You hit the iguana.
The iguana is heavily wounded.
You constrict the iguana. The iguana bites you!
* * * LOW HITPOINT WARNING * * *
You feel better.
You constrict the iguana, but do no damage.
The iguana bites you!
You die...

#...#
#######...####.
...............
...............
...............
#######<..#####
#...# #...#
#@..# #l..#
.......
#..>.####
#.#..# .. ...
.. #.## ... ..


You could see an iguana.

Vanquished Creatures
  A worker ant (D:4)
  5 adders (D:2)
  An ooze (D:3)
  A worm (D:2)
  A dart slug (D:1)
  3 leopard geckos
  An orc (D:3)
  2 ball pythons
  4 giant cockroaches
  6 goblins
  4 hobgoblins
  3 quokkas
  5 bats
  2 frilled lizards (D:2)
  6 kobolds
  6 rats
51 creatures vanquished.

Notes
Turn   | Place    | Note
-------+----------+-------------------------------------------
     0 | D:1      | robertstho the Octopode Assassin began the quest for the
                  | Orb.
     0 | D:1      | Reached XP level 1. HP: 14/14 MP: 1/1
   384 | D:1      | Reached XP level 2. HP: 11/19 MP: 2/2
   641 | D:1      | Reached skill level 6 in Stealth
  1182 | D:2      | Reached XP level 3. HP: 17/24 MP: 3/3
  1408 | D:2      | Reached skill level 7 in Stealth
  1408 | D:2      | Reached XP level 4. HP: 18/29 MP: 4/4
  2060 | D:3      | Found a blossoming altar of Fedhas.
  2233 | D:3      | Found a white marble altar of Elyvilon.
  2714 | D:4      | Reached XP level 5. HP: 34/34 MP: 5/5
  2723 | D:4      | Mangled by an iguana

Vault maps used:
D:1:      dpeg_arrival_signposts
D:3:      nicolae_overflow_crystal_walls, elyvilon_altar_4, first_ration
D:4:      grunt_temple_overflow_open, minitemple, uniq_edmund, uniq_ijyb

Skill      XL: |  1  2  3 |
---------------+----------+-----
Stealth        | 6 7 |  7.8
Fighting       | |  2.2
Short Blades   | |  2.8
Throwing       | |  2.0
Dodging        | |  1.3

Action                   |  1- 3 |  4- 6 || total
-------------------------+-------+-------++-------
Melee: Dagger            |    65 |    44 ||   109
       Constrict         |    13 |     5 ||    18
       Tentacles         |     9 |     5 ||    14
  Use: Potion            |     1 |     1 ||     2
 Stab: Sleeping          |     8 |    13 ||    21
       Distracted        |       |     1 ||     1
  Eat: Chunk             |     1 |     3 ||     4
Armor: Skin              |     3 |     1 ||     4
Dodge: Dodged            |    42 |    10 ||    52

Table legend:
 A = Non-vault XP
 B = Vault XP
 C = Vault XP percentage of total XP
 D = Non-vault monster count
 E = Vault monster count
 F = Vault count percentage of total count
                 A         B        C        D         E       F
            +---------+---------+-------+---------+---------+-------
      Total |     187 |       0 |   0.0 |      51 |       0 |   0.0
            +---------+---------+-------+---------+---------+-------
        D:1 |      23 |       0 |   0.0 |      12 |       0 |   0.0
        D:2 |     100 |       0 |   0.0 |      24 |       0 |   0.0
        D:3 |      31 |       0 |   0.0 |      14 |       0 |   0.0
        D:4 |      33 |       0 |   0.0 |       1 |       0 |   0.0
            +---------+---------+-------+---------+---------+-------
